 Dungeon Crawl Stone Soup version bcrawl-1.31.4 (webtiles) character file.

Game seed: 1450865947531896518

111517 Morbidden the Ducker (level 4, -1/26 HPs)
             Began as a Skeleton Archaeologist on June 19, 2021.
             Slain by Robin
             ... wielding a +3 whip of electrocution
              (17 damage)
             ... on level 2 of the Dungeon.
             The game lasted 00:02:27 (2364 turns).

Morbidden the Ducker (Skeleton Archaeologist)       Turns: 2364, Time: 00:02:27

Health: -1/26      AC:  9    Str: 18      XL:     4   Next: 28%
Magic:  0/6        EV: 10    Int:  9 (13) God:
Gold:   83         SH:  0    Dex:  4 (7)  Spells: 5/5 levels left

rFire    . . .     SeeInvis .   a - +0 whip
rCold    + . .     Gourm    .   (no shield)
rNeg     + + +     Faith    .   c - +0 scale mail
rPois    ∞         Spirit   +   d - +1 hat
rElec    .         Reflect  .   (no cloak)
rCorr    .         Harm     .   (no gloves)
MR       .....                  e - +1 pair of boots
Stlth    +.........             (no amulet)
HPRegen  0.08/turn              (no ring)
MPRegen  0.10/turn              (no ring)

@: no status effects
A: no food or potions, cold resistance 1, deterioration 1, negative energy
resistance 3, torment resistance, unbreathing, magic shield, sturdy frame 1,
spell healing
a: no special abilities


You were on level 2 of the Dungeon.
You were not hungry.

You visited 1 branch of the dungeon, and saw 2 of its levels.

You collected 83 gold pieces.

Inventory:

Hand Weapons
 a - a +0 whip (weapon)
 b - a +0 blowgun
Missiles
 j - 101 poisoned needles
Armour
 c - a +0 scale mail (worn)
 d - a +1 hat (worn)
 e - a +1 pair of boots (worn)
Scrolls
 f - a scroll of teleportation {unknown}
 g - a scroll of magic mapping
 i - 2 scrolls of identify
Miscellaneous
 h - a dusty tome


   Skills:
 * Level 1.8 Fighting
 + Level 2.1 Maces & Flails
 + Level 0.2 Armour
 * Level 4.1 Dodging
 + Level 4.0 Stealth
 * Level 1.4 Spellcasting


You had 5 spell levels left.
You didn't know any spells.
Your spell library was empty.

Dungeon Overview and Level Annotations

Branches:
Dungeon (2/12)

Altars:

Annotations:
D:2 Robin


Innate Abilities, Weirdness & Mutations

You do not eat or drink.
You are immune to poison.
Your flesh is cold resistant. (rC+)
Your body sometimes deteriorates upon taking damage.
You are immune to negative energy. (rN+++)
You are immune to unholy pain and torment.
You can survive without breathing.
When hurt, damage is shared between your health and your magic reserves.
Your movements are slightly less encumbered by armour. (ER -2)
Casting spells heals you.


Message History

Robin throws the goblin at you!
You hit the hobgoblin.
You kill the hobgoblin!
The goblin hits you. Robin throws the goblin at you!
You closely miss the goblin. The goblin closely misses you.
The goblin hits you but does no damage.
You whack the goblin!
You kill the goblin!
The goblin closely misses you.
You feel your intelligence returning.
You hit Robin.
Robin is moderately wounded.
The goblin closely misses you. Robin hits you but does no damage.
You hit Robin but do no damage.
Robin is moderately wounded.
The goblin hits you.
Robin hits you with a +3 whip of electrocution.
You are electrocuted!!
Ouch! That really hurt!
You die...

,,,,>,,**,,,,,***,,,,,,÷,,,,,,*##
,,,,,<,**..,,.###.....)....,..,..
,,,,,,,,g...,..........<......*..
,,,,,*,,*.#..*#...#..............
,,,,,,,,,,...###....#...##.......
********,,*#...#....#..##..#.#,..
*,,,,,,,..##................#,.>
*,,,,,!,......†.†...........#*##
*,,,,,,,......g@g...........####
*,,,,,,,......#....###.####.....
*,,,,,,,....%,#.............####
*****,,,...),,#....#....#####
*,,,...,,,#....####..#
*,,,..,,,,#....# #..#
**,,.,,,,*###### #### *,,,,,,,,,*
*,,,,,,,,,*


You could see Robin and a goblin.

Vanquished Creatures
  Terence (D:2)
  A worm (D:2)
  2 dart slugs
  3 leopard geckos (D:1)
  An orc (D:2)
  3 giant cockroaches
  13 goblins
  6 hobgoblins
  5 kobolds
  A quokka (D:2)
  6 bats
  4 frilled lizards
  4 rats
50 creatures vanquished.

Notes
Turn   | Place    | Note
-------+----------+-------------------------------------------
     0 | D:1      | Morbidden the Skeleton Archaeologist began the quest for
                  | the Orb.
     0 | D:1      | Reached XP level 1. HP: 12/12 MP: 1/1
   261 | D:1      | Reached XP level 2. HP: 12/16 MP: 2/2
  1353 | D:2      | Reached XP level 3. HP: 20/20 MP: 3/3
  1450 | D:2      | Noticed Terence
  1477 | D:2      | Killed Terence
  1478 | D:2      | Reached skill level 1 in Spellcasting
  1697 | D:2      | Reached XP level 4. HP: 24/26 MP: 3/5
  1766 | D:2      | Noticed Robin
  2364 | D:2      | Slain by Robin

Skill      XL: |  1  2  3  4 |
---------------+-------------+-----
Stealth        | 4 |  4.0
Spellcasting   | 1 |  1.4
Dodging        | 4 |  4.1
Maces & Flails | 2 |  2.1
Fighting       | |  1.8
Armour         | |  0.2

Action                   |  1- 3 |  4- 6 || total
-------------------------+-------+-------++-------
Melee: Whip              |   182 |    86 ||   268
 Fire: Blowgun           |     6 |       ||     6
 Stab: Sleeping          |     3 |       ||     3
Armor: Robe              |    60 |       ||    60
       Scale mail        |    21 |    58 ||    79
Dodge: Dodged            |   124 |    49 ||   173
